 Dungeon Sprint DCSS version 0.28-a0-258-g8de209e91f (webtiles) character file.

Game seed: 10764237578762849673

109 MikeHunt the Shield-Bearer (level 4, -5/28 HPs)
             Began as a Gargoyle Fighter on Aug 26, 2021.
             Slain by a human (9 damage)
             ... in the Dungeon (Sprint III: "The Ten Rune Challenge").
             The game lasted 00:01:42 (437 turns).

MikeHunt the Shield-Bearer (Gargoyle Fighter)        Turns: 437, Time: 00:01:43

Health: -5/28      AC: 10    Str: 19    XL:     4   Next: 89%
Magic:  4/4        EV:  8    Int:  9    God:
Gold:   24         SH:  9    Dex: 10    Spells: 3/3 levels left

rFire   . . .      SeeInvis .   a - +0 flail
rCold   . . .      Faith    .   c - +0 kite shield
rNeg    + . .      Spirit   .   b - +0 scale mail
rPois   ∞          Reflect  .   (no helmet)
rElec   +          Harm     .   (no cloak)
rCorr   .          Rampage  .   (no gloves)
Will    .....      NoTele   +   (no boots)
Stlth   ..........              (no amulet)
HPRegen 0.09/turn               (no ring)
MPRegen 0.09/turn               (no ring)

@: mighty, hasted, very quick
A: sickness immunity, AC +3, negative energy resistance 1, electricity
resistance, torment resistance 1, petrification resistance
a: no special abilities


You were in the Dungeon.
You visited 1 branch You collected 24 gold pieces.

Inventory:

Hand Weapons
 a - a +0 flail (weapon)
Armour
 b - a +0 scale mail (worn)
 c - a +0 kite shield (worn)
Scrolls
 i - a scroll of immolation {unknown}
 j - a scroll of blinking
 k - a scroll of enchant weapon {unknown}
 n - a scroll of holy word {unknown}
 o - 2 scrolls of identify
Potions
 e - a potion of curing
 h - 3 potions of magic
 l - a potion of attraction {unknown}
 m - 6 potions of mutation
 p - a potion of brilliance {unknown}


   Skills:
 - Level 3.2 Fighting
 + Level 6.7 Maces & Flails
 - Level 3.2 Armour
 + Level 7.8 Shields


You had 3 spell levels left.
You didn't know any spells.
Your spell library was empty.

Dungeon Overview and Level Annotations

Branches:
Dungeon (1/1)

Altars:
Okawaru
Trog
Uskayaw
Wu Jian
Beogh


Innate Abilities, Weirdness & Mutations

You are immune to sickness and miasma.
Your stone body is resilient. (AC +3)
You are immune to poison.
You resist negative energy. (rN+)
You are resistant to electric shocks. (rElec)
You are resistant to unholy torment.
You are immune to petrification.


Message History

There is an open door here.
You hit the human.
The human is lightly wounded.
The human hits you but does no damage.
You thump the human!
The human is heavily wounded.
The human drinks a potion.
The human seems to grow stronger.
You closely miss the human.
The human is heavily wounded.
You block the human's attack. The human hits you!
You hit the human.
The human is severely wounded.
The human drinks a potion.
The human goes berserk!
The human hits you.
* * * LOW HITPOINT WARNING * * *
You barely miss the human. The human hits you but does no damage.
You feel much better. The human hits you.
You closely miss the human. You block the human's attack.
You sock the human!
The human is lightly wounded.
The human hits you.
You barely miss the human.
The human is lightly wounded.
You block the human's attack.
You sock the human!
The human is heavily wounded.
You block the human's attack. The human hits you!
You completely miss the human.
The human is heavily wounded.
The human barely misses you.
You sock the human!
The human is severely wounded.
The human barely misses you.
You barely miss the human.
The human is severely wounded.
The human hits you.
* * * LOW HITPOINT WARNING * * *
You completely miss the human.
The human is severely wounded.
You block the human's attack. The human hits you!
You die...

▓ ▓▓▓ #### ##.# #####
...#####..# #___#
....#..#..# #__)#
#...#..#..###+#p###+##
##..##'#..#.....@....#
##..###...'.⌠........#
#..####...#...######+#
#).###....#.⌠.#
...##.....#...#
...#......#+###
.##.#.....# .
####....# ▓ ▓▓▓▓▓▓


You could see a human (berserk).

Vanquished Creatures
  A water elemental (D)
  Jessica (D)
  A human (D)
  A phantom (D)
  2 endoplasms (D)
  A rat (D)
7 creatures vanquished.

Notes
Turn   | Place    | Note
-------+----------+-------------------------------------------
     0 | D        | MikeHunt the Gargoyle Fighter began the quest for the Orb.
     0 | D        | Reached XP level 1. HP: 14/14 MP: 1/1
    13 | D        | Reached skill level 4 in Shields
    30 | D        | Noticed Jessica
    34 | D        | Killed Jessica
    35 | D        | Reached skill level 5 in Shields
    35 | D        | Reached XP level 2. HP: 10/19 MP: 2/2
    35 | D        | Reached XP level 3. HP: 12/23 MP: 3/3
   188 | D        | Reached skill level 5 in Maces & Flails
   188 | D        | Reached skill level 6 in Shields
   409 | D        | Noticed a water elemental
   417 | D        | Killed a water elemental
   418 | D        | Reached skill level 7 in Shields
   418 | D        | Reached XP level 4. HP: 23/28 MP: 4/4
   421 | D        | Found a hide-covered altar of Uskayaw.
   421 | D        | Found an iron altar of Okawaru.
   421 | D        | Found a bloodstained altar of Trog.
   421 | D        | Found an ornate altar of the Wu Jian Council.
   421 | D        | Noticed a human
   421 | D        | Noticed a human
   437 | D        | Slain by a human

Illustrated notes

Levels and vault maps discovered:
D:        dungeon_sprint_mu [sprint_mu_entry_cave, sprint_mu_temple_rooms,
          sprint_mu_d1_spiders, sprint_mu_d2_genie, sprint_mu_d3_branching,
          sprint_mu_orc_legion, sprint_mu_elf_gauntlet, sprint_mu_hive_nellie,
          sprint_mu_lair_fedhas, sprint_mu_vaults_butterflies,
          sprint_mu_slime_circle, sprint_mu_swamp_cave, sprint_mu_snake_twists,
          sprint_mu_blade_basic, sprint_mu_crypt_fortress,
          sprint_mu_tomb_spiral, sprint_mu_vestibule_basic,
          sprint_mu_gehenna_hellfire, sprint_mu_dis_giant,
          sprint_mu_tartarus_statrot, sprint_mu_cocytus_islands, sprint_mu_zot1]

Skill      XL: |  1  2  3 |
---------------+----------+-----
Shields        | 5 7 |  7.8
Maces & Flails | 4 6 |  6.7
Fighting       | |  3.2
Armour         | |  3.2

Action                   |  1- 3 |  4- 6 || total
-------------------------+-------+-------++-------
Melee: Flail             |    31 |    13 ||    44
  Use: Potion            |     3 |     1 ||     4
Armor: Scale mail        |     7 |     2 ||     9
Dodge: Dodged            |     6 |     2 ||     8
Block: Kite shield       |     9 |     5 ||    14

Table legend: (Time is in decaauts)
 A = Elapsed time spent in this place.
 B = Non-inter-level travel time spent in this place.
 C = Inter-level travel time spent in this place.
 D = Time resting spent in this place.
 E = Time spent auto-exploring this place.
 F = Levels seen in this place.
 G = Mean time per level.
                   A        B        C        D        E       F      G
               +--------+--------+--------+--------+--------+-----+--------+
         Total |    446 |    446 |      0 |    339 |      0 |   1 |  446.0 |
       Dungeon |    446 |    446 |      0 |    339 |      0 |   1 |  446.0 |
               +--------+--------+--------+--------+--------+-----+--------+

Top non-repeatable levels by time:
       D: 446 daAuts
